Inferno vs Mustangs
Created - October 29, 2020 at 19:00
Goals
|
Inferno |
0 |
0 |
4 |
0 |
4 |
Mustangs |
0 |
2 |
2 |
1 |
5 |
|
Shots
|
Inferno |
10 |
8 |
19 |
0 |
37 |
Mustangs |
12 |
14 |
13 |
4 |
43 |
|
1st period
No Goal
Penalties :
Mathieu Brodeur (Anc) for Interference (Minor) at 9:59, Victor Rask (Anc) for Hooking (Minor) at 12:41
2nd period
1. Mustangs , Jordan Schmaltz 2 (Melker Karlsson 3) at 4:05
2. Mustangs , Melker Karlsson 4 (Craig Smith 3, Jonathan Drouin 2) at 4:21
Penalties :
Jake DeBrusk (Anc) for Tripping (Minor) at 11:22, Bryan Rust (Anc) for Roughing (Minor) at 12:25, Matthew Finn (Ham) for Hooking (Minor) at 15:35, Evgeny Svechnikov (Anc) for Hooking (Minor) at 18:39
3rd period
3. Inferno , Matthew Nieto 4 (Mathieu Brodeur 3, Greg Pateryn 2) at 0:40
4. Inferno , Mathieu Brodeur 1 (Philip Varone 4, Matthew Nieto 2) at 2:38
5. Mustangs , Scott Mayfield 1 (Anthony Beauvillier 2) at 4:54 (SH)
6. Inferno , Victor Rask 3 (Christian Folin 4) at 7:18
7. Inferno , Ryan Spooner 3 (Christian Folin 5, Barclay Goodrow 1) at 15:08
8. Mustangs , Andrew O'Brien 1 (Mark Stone 2, Curtis Hamilton 2) at 16:49
Penalties :
Will Butcher (Ham) for Interference (Minor) at 3:31, Jake DeBrusk (Anc) for High sticking (Double Minor) at 16:52
Overtime #1
9. Mustangs , Mark Stone 4 (Melker Karlsson 4) at 1:26
Penalties :
No Penalty
Goalie Stats
Michael Hutchinson (Anc), 38 saves from 43 shots - (0.884), OTL, 3-0-1, 61:26 minutes
Jason Missiaen (Ham), 33 saves from 37 shots - (0.892), W, 1-3-0, 61:26 minutes
Players Stats for Inferno
Player Name G A P +/- PIM S H SB GA TA FO MP PP MP PK MP
------------------------------------------------------------------------------------
Barclay Goodrow 0 1 1 1 0 0 2 0 0 0 0/0 7:17 0:00 0:00
Bryan Rust 0 0 0 -1 2 2 1 1 0 0 1/1 22:11 0:02 6:07
Christian Folin 0 2 2 0 0 2 0 0 0 2 0/0 28:03 2:25 6:57
Esa Lindell 0 0 0 0 0 2 4 2 0 3 0/0 28:03 2:25 6:57
Evgeny Svechnikov 0 0 0 1 2 0 1 0 0 0 0/0 11:03 1:57 0:00
Frank Corrado 0 0 0 -1 0 0 0 0 0 0 0/0 10:13 0:11 0:00
Greg Pateryn 0 1 1 0 0 1 1 0 0 1 0/0 23:10 1:22 6:01
Jake DeBrusk 0 0 0 0 6 2 2 0 1 0 0/0 12:34 1:57 0:52
Kevin Labanc 0 0 0 -1 0 4 1 0 0 1 0/1 13:07 1:59 0:00
Mathieu Brodeur 1 1 2 0 2 2 2 1 0 1 0/0 22:10 1:22 4:48
Matthew Nieto 1 1 2 0 0 2 3 0 0 0 0/1 16:01 0:02 3:45
Peter Cehlarik 0 0 0 1 0 0 0 0 0 0 0/0 7:45 0:02 0:00
Philip Varone 0 1 1 1 0 5 0 0 0 0 6/12 16:52 1:57 3:15
Rasmus Andersson 0 0 0 -1 0 1 0 1 0 0 0/0 11:26 0:11 1:13
Ryan Spooner 1 0 1 1 0 2 0 0 0 0 0/5 9:16 0:00 1:37
Tanner Pearson 0 0 0 -3 0 7 0 0 3 0 1/1 17:35 1:59 0:17
Victor Rask 1 0 1 -1 2 3 1 0 1 0 3/8 10:26 1:59 0:00
Vladimir Sobotka 0 0 0 -1 0 2 1 2 1 2 27/46 24:32 0:00 8:14
Players Stats for Mustangs
Player Name G A P +/- PIM S H SB GA TA FO MP PP MP PK MP
------------------------------------------------------------------------------------
Andrew O'Brien 1 0 1 3 0 3 1 0 0 0 0/0 20:36 5:45 1:24
Anthony Beauvillier 0 1 1 1 0 1 0 0 0 0 0/0 7:02 0:00 0:41
Antti Suomela 0 0 0 0 0 1 3 0 0 0 2/6 9:25 0:00 0:00
Brett Pollock 0 0 0 0 0 0 0 0 0 0 0/0 0:00 0:00 0:00
Chrstian Dvorak 0 0 0 -2 0 1 1 1 1 0 0/0 17:38 5:37 0:00
Craig Smith 0 1 1 1 0 1 1 1 3 1 7/8 25:48 6:02 2:33
Curtis Hamilton 0 1 1 0 0 3 0 0 0 0 1/1 9:25 0:00 0:00
Dakota Mermis 0 0 0 -2 0 0 0 1 0 0 0/0 11:58 0:00 1:17
Danny Biega 0 0 0 -2 0 0 1 2 0 0 0/0 10:11 0:00 0:00
Denis Malgin 0 0 0 0 0 0 2 0 0 0 1/2 6:21 0:00 0:00
Henrik Samuelsson 0 0 0 -2 0 4 4 1 1 0 7/17 17:46 5:45 0:00
Jonathan Drouin 0 1 1 1 0 2 0 1 1 0 2/2 21:35 6:02 0:00
Jordan Schmaltz 1 0 1 3 0 4 3 0 0 0 0/0 20:36 5:45 1:24
Josh Ho-Sang 0 0 0 0 0 0 0 0 0 0 0/0 0:00 0:00 0:00
Josh Jooris 0 0 0 -2 0 8 2 2 2 1 1/2 22:13 5:45 2:33
Mark Stone 1 1 2 1 0 1 0 0 1 0 0/0 10:28 0:11 0:44
Matthew Finn 0 0 0 1 2 0 0 0 0 1 0/0 3:26 0:00 0:01
Max Gortz 0 0 0 0 0 0 0 0 0 0 0/0 0:46 0:27 0:00
Melker Karlsson 1 2 3 2 0 3 2 0 0 2 16/37 22:30 6:10 0:44
Nick Schmaltz 0 0 0 0 0 2 2 0 0 0 0/0 6:21 0:00 0:00
Raphael Bussieres 0 0 0 1 0 0 0 0 0 0 0/0 0:41 0:00 0:41
Sam Kurker 0 0 0 0 0 0 0 0 0 0 0/0 0:24 0:19 0:00
Scott Mayfield 1 0 1 0 0 2 2 1 0 1 0/0 30:39 6:21 2:34
Steven Spinner 0 0 0 0 0 0 0 0 0 0 0/0 0:00 0:00 0:00
Will Butcher 0 0 0 -1 2 7 2 1 1 0 0/0 25:55 6:21 1:16
3 Stars
1 - Melker Karlsson (Ham)
2 - Jordan Schmaltz (Ham)
3 - Andrew O'Brien (Ham)
Power Play
Inferno - 0 on 2 Attempt(s) - 0.00%
Mustangs - 0 on 7 Attempt(s) - 0.00%
Penalty Kill
Inferno - 7 on 7 Attempt(s) - 100.00%
- Score 0 goal in Penalty Kill
Mustangs - 2 on 2 Attempt(s) - 100.00%
- Score 1 goal in Penalty Kill
Team Stat
Inferno - Hits : 19 - Faceoff Wins : 38 - Blocked Shots : 7 - Penalty Minutes : 14
Mustangs - Hits : 26 - Faceoff Wins : 37 - Blocked Shots : 11 - Penalty Minutes : 4
Official
Referees : Unknown
Linesman : Unknown
Game Notes
No Game Note
Finance
Level 1 -- Attendance: 1379 (68.95%) -- Ticket Income $55,160
Level 2 -- Attendance: 735 (73.50%) -- Ticket Income $14,700
Total Attendance: 2114 (70.47%)
Total Ticket Income: $69,860
Other Income: $3,493
Total Income: $73,353
Inferno
5 vs 5 Forward
Center Left Wing Right Wing Time % Phy DF OF
1 Vladimir Sobotka Tanner Pearson Bryan Rust 40 1 2 2
2 Philip Varone Matthew Nieto Kevin Labanc 30 1 2 2
3 Victor Rask Jake DeBrusk Evgeny Svechnikov 20 1 2 2
4 Ryan Spooner Peter Cehlarik Barclay Goodrow 10 1 2 2
5 vs 5 Defense
Defense Defense Time % Phy DF OF
1 Christian Folin Esa Lindell 40 1 2 2
2 Mathieu Brodeur Greg Pateryn 30 1 2 2
3 Rasmus Andersson Frank Corrado 20 1 2 2
4 Mathieu Brodeur Greg Pateryn 10 1 2 2
PowerPlay Forward
Center Left Wing Right Wing Time % Phy DF OF
1 Victor Rask Tanner Pearson Kevin Labanc 60 1 2 2
2 Philip Varone Jake DeBrusk Evgeny Svechnikov 40 1 2 2
PowerPlay Defense
Defense Defense Time % Phy DF OF
1 Christian Folin Esa Lindell 60 1 2 2
2 Mathieu Brodeur Greg Pateryn 40 1 2 2
Penalty Kill 4 Players Forward
Center Wing Time % Phy DF OF
1 Vladimir Sobotka Bryan Rust 60 1 2 2
2 Philip Varone Matthew Nieto 40 1 2 2
Penalty Kill 4 Players Defense
Defense Defense Time % Phy DF OF
1 Christian Folin Esa Lindell 60 1 2 2
2 Mathieu Brodeur Greg Pateryn 40 1 2 2
Penalty Kill - 3 Players Forward
Forward Time % Phy DF OF
1 Vladimir Sobotka 60 1 2 2
2 Bryan Rust 40 1 2 2
Penalty Kill - 3 Players Defense
Defense Defense Time % Phy DF OF
1 Christian Folin Esa Lindell 60 1 2 2
2 Mathieu Brodeur Greg Pateryn 40 1 2 2
4 vs 4 Forward
Center Wing Time % Phy DF OF
1 Vladimir Sobotka Tanner Pearson 60 1 2 2
2 Philip Varone Bryan Rust 40 1 2 2
4 vs 4 Defense
Defense Defense Time % Phy DF OF
1 Christian Folin Esa Lindell 60 1 2 2
2 Mathieu Brodeur Greg Pateryn 40 1 2 2
Last Minutes Offensive
Center Left Wing Right Wing Defense Defense
Vladimir Sobotka Tanner Pearson Bryan Rust Christian Folin Esa Lindell
Last Minutes Defensive
Center Left Wing Right Wing Defense Defense
Vladimir Sobotka Tanner Pearson Bryan Rust Christian Folin Esa Lindell
Goaltenders
Starting : Michael Hutchinson
Backup : Antti Raanta
Extra Forwards
Normal : Jake DeBrusk, Matthew Nieto, Evgeny Svechnikov - PP : Evgeny Svechnikov, Matthew Nieto - PK : Ryan Spooner
Extra Defensemen
Normal : Mathieu Brodeur, Greg Pateryn, Rasmus Andersson - PP : Greg Pateryn - PK : Mathieu Brodeur, Greg Pateryn
Penalty Shots
Tanner Pearson, Jake DeBrusk, Evgeny Svechnikov, Kevin Labanc, Victor Rask
Scratches
Chris Brown (Healthy), Tyler Shattock (Healthy), Christian Jaros (Healthy), Trevor Carrick (Healthy), Petteri Lindbohm (Healthy)
Alexander True (Healthy), Eric Karlsson (Healthy), John Gilmour (Healthy), Ryan Donato (Healthy), Vladislav Kamenev (Healthy)
Dominik Masin (Healthy), Brandon Hickey (Healthy), Nathan Lieuwen (Healthy), Vitek Vanecek (Healthy)
Mustangs
5 vs 5 Forward
Center Left Wing Right Wing Time % Phy DF OF
1 Melker Karlsson Jonathan Drouin Craig Smith 40 1 2 2
2 Henrik Samuelsson Chrstian Dvorak Josh Jooris 30 1 2 2
3 Antti Suomela Curtis Hamilton Mark Stone 20 1 2 2
4 Denis Malgin Anthony Beauvillier Nick Schmaltz 10 1 2 2
5 vs 5 Defense
Defense Defense Time % Phy DF OF
1 Scott Mayfield Will Butcher 40 1 2 2
2 Jordan Schmaltz Andrew O'Brien 30 1 2 2
3 Danny Biega Dakota Mermis 20 1 2 2
4 Matthew Finn Scott Mayfield 10 1 2 2
PowerPlay Forward
Center Left Wing Right Wing Time % Phy DF OF
1 Melker Karlsson Jonathan Drouin Craig Smith 60 1 2 2
2 Henrik Samuelsson Chrstian Dvorak Josh Jooris 40 1 2 2
PowerPlay Defense
Defense Defense Time % Phy DF OF
1 Scott Mayfield Will Butcher 60 1 2 2
2 Jordan Schmaltz Andrew O'Brien 40 1 2 2
Penalty Kill 4 Players Forward
Center Wing Time % Phy DF OF
1 Craig Smith Josh Jooris 60 1 2 2
2 Melker Karlsson Mark Stone 40 1 2 2
Penalty Kill 4 Players Defense
Defense Defense Time % Phy DF OF
1 Scott Mayfield Will Butcher 60 1 2 2
2 Jordan Schmaltz Andrew O'Brien 40 1 2 2
Penalty Kill - 3 Players Forward
Forward Time % Phy DF OF
1 Craig Smith 60 1 2 2
2 Josh Jooris 40 1 2 2
Penalty Kill - 3 Players Defense
Defense Defense Time % Phy DF OF
1 Scott Mayfield Will Butcher 60 1 2 2
2 Jordan Schmaltz Andrew O'Brien 40 1 2 2
4 vs 4 Forward
Center Wing Time % Phy DF OF
1 Craig Smith Josh Jooris 60 1 2 2
2 Melker Karlsson Mark Stone 40 1 2 2
4 vs 4 Defense
Defense Defense Time % Phy DF OF
1 Scott Mayfield Will Butcher 60 1 2 2
2 Jordan Schmaltz Andrew O'Brien 40 1 2 2
Last Minutes Offensive
Center Left Wing Right Wing Defense Defense
Melker Karlsson Jonathan Drouin Craig Smith Scott Mayfield Will Butcher
Last Minutes Defensive
Center Left Wing Right Wing Defense Defense
Melker Karlsson Jonathan Drouin Craig Smith Scott Mayfield Will Butcher
Goaltenders
Starting : Jason Missiaen
Backup : Connor Hellebyuk
Extra Forwards
Normal : Max Gortz, Sam Kurker, Raphael Bussieres - PP : Max Gortz, Sam Kurker - PK : Raphael Bussieres
Extra Defensemen
Normal : Danny Biega, Dakota Mermis, Matthew Finn - PP : Danny Biega - PK : Dakota Mermis, Matthew Finn
Penalty Shots
Craig Smith, Josh Jooris, Melker Karlsson, Mark Stone, Jonathan Drouin
Scratches
Iven Barbashev (Left Foot Injury), Anthony Stolarz (Healthy)
% Time on Ice - Inferno
Lines # - Real PCT - Wanted PCT - Time Play
Normal Forward
1 - 38% - 40% - 16:39
2 - 27% - 30% - 11:40
3 - 19% - 20% - 8:20
4 - 17% - 10% - 7:17
Normal Defense
1 - 43% - 40% - 19:00
2 - 31% - 30% - 13:34
3 - 21% - 20% - 9:12
4 - 5% - 10% - 2:10
PP Forward
1 - 51% - 60% - 2:01
2 - 49% - 40% - 1:57
PP Defense
1 - 66% - 60% - 2:36
2 - 34% - 40% - 1:22
PK Forward
1 - 75% - 60% - 8:20
2 - 25% - 40% - 2:50
PK Defense
1 - 48% - 60% - 5:22
2 - 52% - 40% - 5:48
PK3 Forward
1 - 89% - 60% - 1:36
2 - 11% - 40% - 0:12
PK3 Defense
1 - 88% - 60% - 1:35
2 - 12% - 40% - 0:13
44 Forward
1 - 100% - 60% - 0:34
2 - 0% - 40% - 0:00
44 Defense
1 - 91% - 60% - 0:31
2 - 9% - 40% - 0:03
Last Minute Offensive - 0:00
Last Minute Defensive - 0:00
Total
Forward - 61:26
Defense - 61:26
|
% Time on Ice - Mustangs
Lines # - Real PCT - Wanted PCT - Time Play
Normal Forward
1 - 37% - 40% - 16:09
2 - 27% - 30% - 12:01
3 - 21% - 20% - 9:25
4 - 14% - 10% - 6:21
Normal Defense
1 - 39% - 40% - 16:56
2 - 31% - 30% - 13:24
3 - 23% - 20% - 10:11
4 - 8% - 10% - 3:25
PP Forward
1 - 52% - 60% - 6:21
2 - 48% - 40% - 5:45
PP Defense
1 - 52% - 60% - 6:21
2 - 48% - 40% - 5:45
PK Forward
1 - 82% - 60% - 3:14
2 - 18% - 40% - 0:44
PK Defense
1 - 65% - 60% - 2:34
2 - 35% - 40% - 1:24
PK3 Forward
1 - 0% - 60%
2 - 0% - 40%
PK3 Defense
1 - 0% - 60%
2 - 0% - 40%
44 Forward
1 - 97% - 60% - 1:23
2 - 3% - 40% - 0:03
44 Defense
1 - 97% - 60% - 1:23
2 - 3% - 40% - 0:03
Last Minute Offensive - 0:00
Last Minute Defensive - 0:00
Total
Forward - 61:26
Defense - 61:26
|
Play-by-Play
1st period
0:01 of 1st period - Vladimir Sobotka wins face-off versus Melker Karlsson in neutral zone.
0:08 of 1st period - Snap shot by Tanner Pearson.
0:08 of 1st period - Deflect By Vladimir Sobotka.
0:08 of 1st period - Shot Misses the Net.
0:08 of 1st period - Puck is out of play.
0:09 of 1st period - Vladimir Sobotka wins face-off versus Melker Karlsson in Mustangs zone.
0:36 of 1st period - Snap shot by Tanner Pearson.
0:36 of 1st period - Stopped by Jason Missiaen without a rebound.
0:37 of 1st period - Henrik Samuelsson wins face-off versus Kevin Labanc in Mustangs zone.
1:02 of 1st period - Jordan Schmaltz is hit by Greg Pateryn and loses puck.
1:11 of 1st period - Wrist shot by Curtis Hamilton.
1:11 of 1st period - Shot Misses the Net.
1:23 of 1st period - Dakota Mermis is hit by Barclay Goodrow and loses puck.
1:28 of 1st period - Snap shot by Ryan Spooner.
1:28 of 1st period - Stopped by Jason Missiaen with a rebound.
1:44 of 1st period - Bryan Rust is hit by Melker Karlsson and loses puck.
1:53 of 1st period - Snap shot by Tanner Pearson.
1:53 of 1st period - Stopped by Jason Missiaen with a rebound.
2:28 of 1st period - Off-side.
2:29 of 1st period - Victor Rask wins face-off versus Antti Suomela in neutral zone.
2:54 of 1st period - Snap shot by Curtis Hamilton.
2:54 of 1st period - Stopped by Michael Hutchinson with a rebound.
3:00 of 1st period - Snap shot by Curtis Hamilton.
3:00 of 1st period - Stopped by Michael Hutchinson without a rebound.
3:01 of 1st period - Vladimir Sobotka wins face-off versus Melker Karlsson in Inferno zone.
3:01 of 1st period - Vladimir Sobotka is hit by Scott Mayfield.
3:13 of 1st period - Wrist shot by Vladimir Sobotka.
3:13 of 1st period - Stopped by Jason Missiaen with a rebound.
3:27 of 1st period - Henrik Samuelsson is hit by Mathieu Brodeur and loses puck.
3:47 of 1st period - Icing by Esa Lindell.
3:48 of 1st period - Denis Malgin wins face-off versus Ryan Spooner in Inferno zone.
3:53 of 1st period - Slapshot by Nick Schmaltz.
3:53 of 1st period - Stopped by Michael Hutchinson with a rebound.
4:53 of 1st period - Esa Lindell is hit by Antti Suomela.
5:15 of 1st period - Victor Rask is hit by Danny Biega and loses puck.
5:45 of 1st period - Bryan Rust is hit by Henrik Samuelsson.
5:56 of 1st period - Icing by Mathieu Brodeur.
5:57 of 1st period - Jonathan Drouin wins face-off versus Ryan Spooner in Inferno zone.
6:00 of 1st period - Snap shot by Jonathan Drouin.
6:00 of 1st period - Stopped by Michael Hutchinson without a rebound.
6:01 of 1st period - Craig Smith wins face-off versus Ryan Spooner in Inferno zone.
6:26 of 1st period - Craig Smith is hit by Barclay Goodrow and loses puck.
6:37 of 1st period - Wrist shot by Jonathan Drouin.
6:37 of 1st period - Shot Misses the Net.
6:39 of 1st period - Slapshot by Craig Smith.
6:39 of 1st period - Shot Misses the Net.
6:41 of 1st period - Snap shot by Jordan Schmaltz.
6:41 of 1st period - Stopped by Michael Hutchinson without a rebound.
6:42 of 1st period - Tanner Pearson wins face-off versus Henrik Samuelsson in Inferno zone.
7:07 of 1st period - Philip Varone is hit by Denis Malgin and loses puck.
7:36 of 1st period - Scott Mayfield is hit by Jake DeBrusk.
7:55 of 1st period - Icing by Jordan Schmaltz.
7:56 of 1st period - Curtis Hamilton wins face-off versus Ryan Spooner in Mustangs zone.
9:02 of 1st period - Denis Malgin is hit by Esa Lindell and loses puck.
9:09 of 1st period - Esa Lindell is hit by Denis Malgin and loses puck.
9:24 of 1st period - Esa Lindell is hit by Craig Smith and loses puck.
9:43 of 1st period - Vladimir Sobotka is hit by Josh Jooris and loses puck.
9:59 of 1st period - Minor Penalty to Mathieu Brodeur for Interference.
10:00 of 1st period - Vladimir Sobotka wins face-off versus Melker Karlsson in Inferno zone.
10:36 of 1st period - Snap shot by Henrik Samuelsson.
10:36 of 1st period - Stopped by Michael Hutchinson without a rebound.
10:37 of 1st period - Henrik Samuelsson wins face-off versus Philip Varone in Inferno zone.
10:55 of 1st period - Snap shot by Josh Jooris.
10:55 of 1st period - Stopped by Michael Hutchinson with a rebound.
11:59 of 1st period - Penalty to Mathieu Brodeur is over, Mathieu Brodeur is back on ice.
12:02 of 1st period - Slapshot by Josh Jooris.
12:02 of 1st period - Stopped by Michael Hutchinson with a rebound.
12:04 of 1st period - Slapshot by Andrew O'Brien.
12:04 of 1st period - Shot Blocked by Mathieu Brodeur.
12:06 of 1st period - Slapshot by Jordan Schmaltz.
12:06 of 1st period - Stopped by Michael Hutchinson with a rebound.
12:08 of 1st period - Slapshot by Josh Jooris.
12:08 of 1st period - Shot Misses the Net.
12:10 of 1st period - Slapshot by Andrew O'Brien.
12:10 of 1st period - Deflect By Christian Folin.
12:10 of 1st period - Stopped by Michael Hutchinson with a rebound.
12:12 of 1st period - Slapshot by Chrstian Dvorak.
12:12 of 1st period - Stopped by Michael Hutchinson without a rebound.
12:13 of 1st period - Melker Karlsson wins face-off versus Philip Varone in Inferno zone.
12:16 of 1st period - Snap shot by Jonathan Drouin.
12:16 of 1st period - Shot Misses the Net.
12:41 of 1st period - Minor Penalty to Victor Rask for Hooking.
12:42 of 1st period - Vladimir Sobotka wins face-off versus Melker Karlsson in Inferno zone.
13:36 of 1st period - Icing by Melker Karlsson.
13:37 of 1st period - Melker Karlsson wins face-off versus Vladimir Sobotka in Mustangs zone.
13:56 of 1st period - Esa Lindell is hit by Chrstian Dvorak and loses puck.
14:41 of 1st period - Penalty to Victor Rask is over, Victor Rask is back on ice.
14:56 of 1st period - Snap shot by Jake DeBrusk.
14:56 of 1st period - Shot Blocked by Danny Biega.
15:00 of 1st period - Snap shot by Jake DeBrusk.
15:00 of 1st period - Stopped by Jason Missiaen without a rebound.
15:01 of 1st period - Philip Varone wins face-off versus Antti Suomela in Mustangs zone.
15:50 of 1st period - Vladimir Sobotka is hit by Jordan Schmaltz and loses puck.
16:11 of 1st period - Dakota Mermis is hit by Esa Lindell and loses puck.
16:18 of 1st period - Wrist shot by Esa Lindell.
16:18 of 1st period - Shot Misses the Net.
16:39 of 1st period - Snap shot by Kevin Labanc.
16:39 of 1st period - Deflect By Philip Varone.
16:39 of 1st period - Shot Misses the Net.
16:39 of 1st period - Puck is out of play.
16:40 of 1st period - Henrik Samuelsson wins face-off versus Vladimir Sobotka in Mustangs zone.
16:53 of 1st period - Snap shot by Henrik Samuelsson.
16:53 of 1st period - Shot Misses the Net.
17:16 of 1st period - Snap shot by Philip Varone.
17:16 of 1st period - Deflect By Matthew Nieto.
17:16 of 1st period - Shot Misses the Net.
17:16 of 1st period - Puck is out of play.
17:17 of 1st period - Melker Karlsson wins face-off versus Philip Varone in Mustangs zone.
17:37 of 1st period - Slapshot by Melker Karlsson.
17:37 of 1st period - Stopped by Michael Hutchinson without a rebound.
17:38 of 1st period - Vladimir Sobotka wins face-off versus Henrik Samuelsson in Inferno zone.
17:43 of 1st period - Chrstian Dvorak is hit by Bryan Rust and loses puck.
17:48 of 1st period - Wrist shot by Tanner Pearson.
17:48 of 1st period - Stopped by Jason Missiaen with a rebound.
17:50 of 1st period - Slapshot by Mathieu Brodeur.
17:50 of 1st period - Stopped by Jason Missiaen with a rebound.
17:52 of 1st period - Snap shot by Mathieu Brodeur.
17:52 of 1st period - Shot Blocked by Henrik Samuelsson.
17:54 of 1st period - Wrist shot by Tanner Pearson.
17:54 of 1st period - Stopped by Jason Missiaen with a rebound.
18:04 of 1st period - Craig Smith is hit by Matthew Nieto and loses puck.
18:55 of 1st period - Slapshot by Rasmus Andersson.
18:55 of 1st period - Stopped by Jason Missiaen with a rebound.
19:31 of 1st period - Snap shot by Kevin Labanc.
19:31 of 1st period - Stopped by Jason Missiaen without a rebound.
19:32 of 1st period - Philip Varone wins face-off versus Melker Karlsson in Mustangs zone.
19:43 of 1st period - Snap shot by Matthew Nieto.
19:43 of 1st period - Shot Misses the Net.
19:45 of 1st period - Snap shot by Matthew Nieto.
19:45 of 1st period - Shot Misses the Net.
19:47 of 1st period - Slapshot by Mathieu Brodeur.
19:47 of 1st period - Deflect By Philip Varone.
19:47 of 1st period - Shot Misses the Net.
19:47 of 1st period - Puck is out of play.
19:48 of 1st period - Vladimir Sobotka wins face-off versus Henrik Samuelsson in Mustangs zone.
19:49 of 1st period - Slapshot by Bryan Rust.
19:49 of 1st period - Deflect By Henrik Samuelsson.
19:49 of 1st period - Shot Misses the Net.
19:49 of 1st period - Puck is out of play.
19:50 of 1st period - Henrik Samuelsson wins face-off versus Vladimir Sobotka in Mustangs zone.
Goals for this period are 0 for Inferno vs 0 for Mustangs.
Shots for this period are 10 for Inferno vs 12 for Mustangs.
2nd period
0:01 of 2nd period - Vladimir Sobotka wins face-off versus Melker Karlsson in neutral zone.
0:31 of 2nd period - Wrist shot by Matthew Nieto.
0:31 of 2nd period - Shot Misses the Net.
0:33 of 2nd period - Slapshot by Greg Pateryn.
0:33 of 2nd period - Deflect By Philip Varone.
0:33 of 2nd period - Shot Blocked by Josh Jooris.
0:33 of 2nd period - Puck is out of play.
0:34 of 2nd period - Vladimir Sobotka wins face-off versus Henrik Samuelsson in Mustangs zone.
0:37 of 2nd period - Slapshot by Tanner Pearson.
0:37 of 2nd period - Shot Blocked by Danny Biega.
0:45 of 2nd period - Tanner Pearson is hit by Henrik Samuelsson and loses puck.
0:50 of 2nd period - Snap shot by Josh Jooris.
0:50 of 2nd period - Stopped by Michael Hutchinson with a rebound.
1:10 of 2nd period - Wrist shot by Philip Varone.
1:10 of 2nd period - Stopped by Jason Missiaen without a rebound.
1:11 of 2nd period - Vladimir Sobotka wins face-off versus Henrik Samuelsson in Mustangs zone.
1:12 of 2nd period - Slapshot by Bryan Rust.
1:12 of 2nd period - Shot Blocked by Josh Jooris.
1:24 of 2nd period - Wrist shot by Henrik Samuelsson.
1:24 of 2nd period - Stopped by Michael Hutchinson with a rebound.
1:36 of 2nd period - Scott Mayfield is hit by Mathieu Brodeur and loses puck.
1:47 of 2nd period - Wrist shot by Kevin Labanc.
1:47 of 2nd period - Stopped by Jason Missiaen without a rebound.
1:48 of 2nd period - Vladimir Sobotka wins face-off versus Henrik Samuelsson in Mustangs zone.
1:53 of 2nd period - Snap shot by Tanner Pearson.
1:53 of 2nd period - Shot Blocked by Dakota Mermis.
2:58 of 2nd period - Christian Folin is hit by Nick Schmaltz and loses puck.
3:07 of 2nd period - Wrist shot by Nick Schmaltz.
3:07 of 2nd period - Stopped by Michael Hutchinson with a rebound.
3:09 of 2nd period - Slapshot by Will Butcher.
3:09 of 2nd period - Stopped by Michael Hutchinson without a rebound.
3:10 of 2nd period - Vladimir Sobotka wins face-off versus Melker Karlsson in Inferno zone.
4:01 of 2nd period - Off-side.
4:02 of 2nd period - Melker Karlsson wins face-off versus Philip Varone in neutral zone.
4:05 of 2nd period - Slapshot by Jordan Schmaltz.
4:05 of 2nd period - Deflect By Rasmus Andersson.
4:05 of 2nd period - Goal by Jordan Schmaltz - Inferno : 0 - Mustangs : 1.
4:06 of 2nd period - Melker Karlsson wins face-off versus Vladimir Sobotka in neutral zone.
4:09 of 2nd period - Slapshot by Will Butcher.
4:09 of 2nd period - Stopped by Michael Hutchinson without a rebound.
4:10 of 2nd period - Craig Smith wins face-off versus Vladimir Sobotka in Inferno zone.
4:17 of 2nd period - Wrist shot by Craig Smith.
4:17 of 2nd period - Stopped by Michael Hutchinson with a rebound.
4:19 of 2nd period - Snap shot by Craig Smith.
4:19 of 2nd period - Shot Misses the Net.
4:21 of 2nd period - Snap shot by Melker Karlsson.
4:21 of 2nd period - Goal by Melker Karlsson - Inferno : 0 - Mustangs : 2.
4:22 of 2nd period - Vladimir Sobotka wins face-off versus Melker Karlsson in neutral zone.
4:56 of 2nd period - Snap shot by Victor Rask.
4:56 of 2nd period - Deflect By Evgeny Svechnikov.
4:56 of 2nd period - Shot Blocked by Will Butcher.
4:56 of 2nd period - Puck is out of play.
4:57 of 2nd period - Melker Karlsson wins face-off versus Vladimir Sobotka in Mustangs zone.
5:12 of 2nd period - Slapshot by Craig Smith.
5:12 of 2nd period - Shot Misses the Net.
5:24 of 2nd period - Christian Folin is hit by Jordan Schmaltz and loses puck.
6:37 of 2nd period - Snap shot by Tanner Pearson.
6:37 of 2nd period - Shot Misses the Net.
6:50 of 2nd period - Off-side.
6:51 of 2nd period - Henrik Samuelsson wins face-off versus Philip Varone in neutral zone.
7:24 of 2nd period - Snap shot by Kevin Labanc.
7:24 of 2nd period - Stopped by Jason Missiaen without a rebound.
7:25 of 2nd period - Melker Karlsson wins face-off versus Vladimir Sobotka in Mustangs zone.
8:21 of 2nd period - Off-side.
8:22 of 2nd period - Jonathan Drouin wins face-off versus Vladimir Sobotka in neutral zone.
8:26 of 2nd period - Off-side.
8:27 of 2nd period - Vladimir Sobotka wins face-off versus Melker Karlsson in neutral zone.
8:33 of 2nd period - Wrist shot by Bryan Rust.
8:33 of 2nd period - Shot Blocked by Craig Smith.
8:35 of 2nd period - Snap shot by Christian Folin.
8:35 of 2nd period - Stopped by Jason Missiaen with a rebound.
8:37 of 2nd period - Snap shot by Tanner Pearson.
8:37 of 2nd period - Stopped by Jason Missiaen with a rebound.
8:39 of 2nd period - Slapshot by Esa Lindell.
8:39 of 2nd period - Stopped by Jason Missiaen without a rebound.
8:40 of 2nd period - Vladimir Sobotka wins face-off versus Melker Karlsson in Mustangs zone.
8:41 of 2nd period - Slapshot by Tanner Pearson.
8:41 of 2nd period - Shot Blocked by Jonathan Drouin.
8:55 of 2nd period - Wrist shot by Tanner Pearson.
8:55 of 2nd period - Shot Misses the Net.
8:57 of 2nd period - Slapshot by Bryan Rust.
8:57 of 2nd period - Stopped by Jason Missiaen with a rebound.
9:28 of 2nd period - Antti Suomela is hit by Victor Rask and loses puck.
9:49 of 2nd period - Snap shot by Anthony Beauvillier.
9:49 of 2nd period - Stopped by Michael Hutchinson with a rebound.
9:51 of 2nd period - Snap shot by Anthony Beauvillier.
9:51 of 2nd period - Shot Misses the Net.
10:24 of 2nd period - Icing by Vladimir Sobotka.
10:25 of 2nd period - Vladimir Sobotka wins face-off versus Henrik Samuelsson in Inferno zone.
11:05 of 2nd period - Snap shot by Josh Jooris.
11:05 of 2nd period - Stopped by Michael Hutchinson with a rebound.
11:07 of 2nd period - Slapshot by Josh Jooris.
11:07 of 2nd period - Shot Blocked by Rasmus Andersson.
11:22 of 2nd period - Minor Penalty to Jake DeBrusk for Tripping.
11:23 of 2nd period - Vladimir Sobotka wins face-off versus Melker Karlsson in Inferno zone.
11:32 of 2nd period - Off-side.
11:33 of 2nd period - Melker Karlsson wins face-off versus Vladimir Sobotka in neutral zone.
11:57 of 2nd period - Snap shot by Jonathan Drouin.
11:57 of 2nd period - Shot Misses the Net.
11:59 of 2nd period - Slapshot by Will Butcher.
11:59 of 2nd period - Stopped by Michael Hutchinson with a rebound.
12:01 of 2nd period - Snap shot by Melker Karlsson.
12:01 of 2nd period - Stopped by Michael Hutchinson without a rebound.
12:02 of 2nd period - Henrik Samuelsson wins face-off versus Vladimir Sobotka in Inferno zone.
12:03 of 2nd period - Snap shot by Josh Jooris.
12:03 of 2nd period - Stopped by Michael Hutchinson without a rebound.
12:04 of 2nd period - Vladimir Sobotka wins face-off versus Henrik Samuelsson in Inferno zone.
12:25 of 2nd period - Minor Penalty to Bryan Rust for Roughing.
12:26 of 2nd period - Vladimir Sobotka wins face-off versus Melker Karlsson in Inferno zone.
13:21 of 2nd period - Backhand shot by Greg Pateryn.
13:21 of 2nd period - Stopped by Jason Missiaen with a rebound.
13:22 of 2nd period - Penalty to Jake DeBrusk is over, Jake DeBrusk is back on ice.
14:19 of 2nd period - Matthew Nieto is hit by Melker Karlsson and loses puck.
14:25 of 2nd period - Penalty to Bryan Rust is over, Bryan Rust is back on ice.
14:30 of 2nd period - Vladimir Sobotka is hit by Jordan Schmaltz and loses puck.
14:43 of 2nd period - Slapshot by Curtis Hamilton.
14:43 of 2nd period - Deflect By Matthew Nieto.
14:43 of 2nd period - Stopped by Michael Hutchinson with a rebound.
15:29 of 2nd period - Wrist shot by Kevin Labanc.
15:29 of 2nd period - Shot Misses the Net.
15:35 of 2nd period - Minor Penalty to Matthew Finn for Hooking.
15:36 of 2nd period - Craig Smith wins face-off versus Victor Rask in Mustangs zone.
16:07 of 2nd period - Josh Jooris is hit by Jake DeBrusk and loses puck.
17:35 of 2nd period - Penalty to Matthew Finn is over, Matthew Finn is back on ice.
17:39 of 2nd period - Bryan Rust is hit by Scott Mayfield and loses puck.
18:08 of 2nd period - Snap shot by Nick Schmaltz.
18:08 of 2nd period - Shot Blocked by Bryan Rust.
18:39 of 2nd period - Minor Penalty to Evgeny Svechnikov for Hooking.
18:40 of 2nd period - Vladimir Sobotka wins face-off versus Melker Karlsson in Inferno zone.
Goals for this period are 0 for Inferno vs 2 for Mustangs.
Shots for this period are 8 for Inferno vs 14 for Mustangs.
3rd period
0:01 of 3rd period - Vladimir Sobotka wins face-off versus Melker Karlsson in neutral zone.
0:25 of 3rd period - Josh Jooris is hit by Matthew Nieto and loses puck.
0:30 of 3rd period - Snap shot by Matthew Nieto.
0:30 of 3rd period - Shot Misses the Net.
0:39 of 3rd period - Penalty to Evgeny Svechnikov is over, Evgeny Svechnikov is back on ice.
0:40 of 3rd period - Snap shot by Matthew Nieto.
0:40 of 3rd period - Goal by Matthew Nieto - Inferno : 1 - Mustangs : 2.
0:41 of 3rd period - Melker Karlsson wins face-off versus Vladimir Sobotka in neutral zone.
1:33 of 3rd period - Slapshot by Esa Lindell.
1:33 of 3rd period - Deflect By Jordan Schmaltz.
1:33 of 3rd period - Stopped by Jason Missiaen with a rebound.
2:34 of 3rd period - Snap shot by Philip Varone.
2:34 of 3rd period - Stopped by Jason Missiaen with a rebound.
2:36 of 3rd period - Snap shot by Philip Varone.
2:36 of 3rd period - Stopped by Jason Missiaen with a rebound.
2:38 of 3rd period - Slapshot by Mathieu Brodeur.
2:38 of 3rd period - Goal by Mathieu Brodeur - Inferno : 2 - Mustangs : 2.
2:39 of 3rd period - Vladimir Sobotka wins face-off versus Melker Karlsson in neutral zone.
2:41 of 3rd period - Off-side.
2:42 of 3rd period - Melker Karlsson wins face-off versus Vladimir Sobotka in neutral zone.
2:51 of 3rd period - Slapshot by Will Butcher.
2:51 of 3rd period - Deflect By Vladimir Sobotka.
2:51 of 3rd period - Stopped by Michael Hutchinson with a rebound.
2:53 of 3rd period - Wrist shot by Will Butcher.
2:53 of 3rd period - Shot Misses the Net.
2:55 of 3rd period - Snap shot by Will Butcher.
2:55 of 3rd period - Stopped by Michael Hutchinson without a rebound.
2:56 of 3rd period - Vladimir Sobotka wins face-off versus Melker Karlsson in Inferno zone.
3:09 of 3rd period - Wrist shot by Jonathan Drouin.
3:09 of 3rd period - Stopped by Michael Hutchinson without a rebound.
3:10 of 3rd period - Philip Varone wins face-off versus Melker Karlsson in Inferno zone.
3:14 of 3rd period - Christian Folin is hit by Will Butcher and loses puck.
3:21 of 3rd period - Wrist shot by Kevin Labanc.
3:21 of 3rd period - Shot Misses the Net.
3:23 of 3rd period - Wrist shot by Matthew Nieto.
3:23 of 3rd period - Shot Misses the Net.
3:25 of 3rd period - Slapshot by Kevin Labanc.
3:25 of 3rd period - Shot Misses the Net.
3:31 of 3rd period - Minor Penalty to Will Butcher for Interference.
3:32 of 3rd period - Craig Smith wins face-off versus Victor Rask in Mustangs zone.
4:06 of 3rd period - Jordan Schmaltz is hit by Evgeny Svechnikov and loses puck.
4:54 of 3rd period - Slapshot by Scott Mayfield.
4:54 of 3rd period - Goal by Scott Mayfield - Inferno : 2 - Mustangs : 3.
4:55 of 3rd period - Philip Varone wins face-off versus Craig Smith in neutral zone.
5:04 of 3rd period - Backhand shot by Philip Varone.
5:04 of 3rd period - Stopped by Jason Missiaen without a rebound.
5:05 of 3rd period - Craig Smith wins face-off versus Philip Varone in Mustangs zone.
5:31 of 3rd period - Penalty to Will Butcher is over, Will Butcher is back on ice.
6:00 of 3rd period - Slapshot by Christian Folin.
6:00 of 3rd period - Stopped by Jason Missiaen without a rebound.
6:01 of 3rd period - Bryan Rust wins face-off versus Antti Suomela in Mustangs zone.
6:10 of 3rd period - Greg Pateryn is hit by Antti Suomela and loses puck.
7:03 of 3rd period - Frank Corrado is hit by Henrik Samuelsson and loses puck.
7:08 of 3rd period - Wrist shot by Josh Jooris.
7:08 of 3rd period - Stopped by Michael Hutchinson without a rebound.
7:09 of 3rd period - Victor Rask wins face-off versus Henrik Samuelsson in Inferno zone.
7:18 of 3rd period - Wrist shot by Victor Rask.
7:18 of 3rd period - Goal by Victor Rask - Inferno : 3 - Mustangs : 3.
7:19 of 3rd period - Melker Karlsson wins face-off versus Vladimir Sobotka in neutral zone.
7:55 of 3rd period - Slapshot by Tanner Pearson.
7:55 of 3rd period - Stopped by Jason Missiaen with a rebound.
7:57 of 3rd period - Wrist shot by Christian Folin.
7:57 of 3rd period - Shot Misses the Net.
7:59 of 3rd period - Wrist shot by Tanner Pearson.
7:59 of 3rd period - Deflect By Bryan Rust.
7:59 of 3rd period - Stopped by Jason Missiaen without a rebound.
8:00 of 3rd period - Philip Varone wins face-off versus Henrik Samuelsson in Mustangs zone.
8:31 of 3rd period - Snap shot by Antti Suomela.
8:31 of 3rd period - Stopped by Michael Hutchinson without a rebound.
8:32 of 3rd period - Antti Suomela wins face-off versus Vladimir Sobotka in Inferno zone.
8:59 of 3rd period - Philip Varone is hit by Will Butcher and loses puck.
9:06 of 3rd period - Will Butcher is hit by Kevin Labanc and loses puck.
9:18 of 3rd period - Off-side.
9:19 of 3rd period - Melker Karlsson wins face-off versus Victor Rask in neutral zone.
10:04 of 3rd period - Wrist shot by Melker Karlsson.
10:04 of 3rd period - Shot Misses the Net.
10:30 of 3rd period - Backhand shot by Victor Rask.
10:30 of 3rd period - Stopped by Jason Missiaen with a rebound.
10:32 of 3rd period - Snap shot by Jake DeBrusk.
10:32 of 3rd period - Stopped by Jason Missiaen with a rebound.
10:34 of 3rd period - Snap shot by Victor Rask.
10:34 of 3rd period - Stopped by Jason Missiaen without a rebound.
10:35 of 3rd period - Josh Jooris wins face-off versus Victor Rask in Mustangs zone.
10:42 of 3rd period - Wrist shot by Chrstian Dvorak.
10:42 of 3rd period - Shot Misses the Net.
10:44 of 3rd period - Slapshot by Jordan Schmaltz.
10:44 of 3rd period - Deflect By Greg Pateryn.
10:44 of 3rd period - Stopped by Michael Hutchinson with a rebound.
10:48 of 3rd period - Snap shot by Josh Jooris.
10:48 of 3rd period - Stopped by Michael Hutchinson with a rebound.
10:50 of 3rd period - Snap shot by Andrew O'Brien.
10:50 of 3rd period - Deflect By Jake DeBrusk.
10:50 of 3rd period - Stopped by Michael Hutchinson with a rebound.
11:22 of 3rd period - Christian Folin is hit by Nick Schmaltz and loses puck.
11:42 of 3rd period - Off-side.
11:43 of 3rd period - Henrik Samuelsson wins face-off versus Ryan Spooner in neutral zone.
11:48 of 3rd period - Snap shot by Henrik Samuelsson.
11:48 of 3rd period - Stopped by Michael Hutchinson with a rebound.
12:08 of 3rd period - Bryan Rust is hit by Andrew O'Brien and loses puck.
12:17 of 3rd period - Slapshot by Will Butcher.
12:17 of 3rd period - Deflect By Tanner Pearson.
12:17 of 3rd period - Stopped by Michael Hutchinson without a rebound.
12:18 of 3rd period - Philip Varone wins face-off versus Melker Karlsson in Inferno zone.
12:31 of 3rd period - Wrist shot by Kevin Labanc.
12:31 of 3rd period - Stopped by Jason Missiaen without a rebound.
12:32 of 3rd period - Melker Karlsson wins face-off versus Vladimir Sobotka in Mustangs zone.
12:32 of 3rd period - Melker Karlsson is hit by Esa Lindell.
12:42 of 3rd period - Wrist shot by Tanner Pearson.
12:42 of 3rd period - Stopped by Jason Missiaen without a rebound.
12:43 of 3rd period - Vladimir Sobotka wins face-off versus Melker Karlsson in Mustangs zone.
12:52 of 3rd period - Wrist shot by Melker Karlsson.
12:52 of 3rd period - Shot Misses the Net.
12:54 of 3rd period - Slapshot by Scott Mayfield.
12:54 of 3rd period - Deflect By Craig Smith.
12:54 of 3rd period - Shot Blocked by Vladimir Sobotka.
12:54 of 3rd period - Puck is out of play.
12:55 of 3rd period - Melker Karlsson wins face-off versus Vladimir Sobotka in Inferno zone.
13:04 of 3rd period - Wrist shot by Tanner Pearson.
13:04 of 3rd period - Shot Misses the Net.
13:06 of 3rd period - Wrist shot by Vladimir Sobotka.
13:06 of 3rd period - Shot Blocked by Scott Mayfield.
13:12 of 3rd period - Wrist shot by Vladimir Sobotka.
13:12 of 3rd period - Stopped by Jason Missiaen with a rebound.
13:29 of 3rd period - Josh Jooris is hit by Matthew Nieto and loses puck.
14:22 of 3rd period - Peter Cehlarik is hit by Henrik Samuelsson and loses puck.
14:47 of 3rd period - Barclay Goodrow is hit by Antti Suomela and loses puck.
15:06 of 3rd period - Slapshot by Christian Folin.
15:06 of 3rd period - Shot Misses the Net.
15:08 of 3rd period - Slapshot by Ryan Spooner.
15:08 of 3rd period - Goal by Ryan Spooner - Inferno : 4 - Mustangs : 3.
15:09 of 3rd period - Antti Suomela wins face-off versus Victor Rask in neutral zone.
15:35 of 3rd period - Scott Mayfield is hit by Vladimir Sobotka and loses puck.
15:59 of 3rd period - Snap shot by Matthew Nieto.
15:59 of 3rd period - Stopped by Jason Missiaen with a rebound.
16:01 of 3rd period - Backhand shot by Philip Varone.
16:01 of 3rd period - Shot Misses the Net.
16:03 of 3rd period - Slapshot by Philip Varone.
16:03 of 3rd period - Stopped by Jason Missiaen with a rebound.
16:05 of 3rd period - Wrist shot by Matthew Nieto.
16:05 of 3rd period - Shot Blocked by Chrstian Dvorak.
16:12 of 3rd period - Icing by Jordan Schmaltz.
16:13 of 3rd period - Vladimir Sobotka wins face-off versus Denis Malgin in Mustangs zone.
16:47 of 3rd period - Wrist shot by Mark Stone.
16:47 of 3rd period - Shot Misses the Net.
16:49 of 3rd period - Slapshot by Andrew O'Brien.
16:49 of 3rd period - Deflect By Jake DeBrusk.
16:49 of 3rd period - Goal by Andrew O'Brien - Inferno : 4 - Mustangs : 4.
16:50 of 3rd period - Victor Rask wins face-off versus Antti Suomela in neutral zone.
16:52 of 3rd period - Double Minor Penalty to Jake DeBrusk for High sticking.
16:53 of 3rd period - Vladimir Sobotka wins face-off versus Melker Karlsson in Inferno zone.
17:07 of 3rd period - Snap shot by Jonathan Drouin.
17:07 of 3rd period - Deflect By Esa Lindell.
17:07 of 3rd period - Shot Blocked by Esa Lindell.
17:07 of 3rd period - Puck is out of play.
17:08 of 3rd period - Craig Smith wins face-off versus Vladimir Sobotka in Inferno zone.
17:35 of 3rd period - Esa Lindell is hit by Josh Jooris and loses puck.
17:46 of 3rd period - Wrist shot by Henrik Samuelsson.
17:46 of 3rd period - Stopped by Michael Hutchinson with a rebound.
18:23 of 3rd period - Icing by Andrew O'Brien.
18:24 of 3rd period - Melker Karlsson wins face-off versus Vladimir Sobotka in Mustangs zone.
19:55 of 3rd period - Scott Mayfield is hit by Esa Lindell and loses puck.
Goals for this period are 4 for Inferno vs 2 for Mustangs.
Shots for this period are 19 for Inferno vs 13 for Mustangs.
Overtime #1
0:01 of 1st overtime period - Vladimir Sobotka wins face-off versus Josh Jooris in neutral zone.
0:09 of 1st overtime period - Off-side.
0:10 of 1st overtime period - Craig Smith wins face-off versus Vladimir Sobotka in neutral zone.
0:52 of 1st overtime period - Penalty to Jake DeBrusk is over, Jake DeBrusk is back on ice.
0:56 of 1st overtime period - Wrist shot by Josh Jooris.
0:56 of 1st overtime period - Stopped by Michael Hutchinson with a rebound.
0:58 of 1st overtime period - Slapshot by Scott Mayfield.
0:58 of 1st overtime period - Shot Blocked by Esa Lindell.
1:18 of 1st overtime period - Slapshot by Scott Mayfield.
1:18 of 1st overtime period - Shot Blocked by Vladimir Sobotka.
1:20 of 1st overtime period - Slapshot by Scott Mayfield.
1:20 of 1st overtime period - Stopped by Michael Hutchinson with a rebound.
1:22 of 1st overtime period - Slapshot by Will Butcher.
1:22 of 1st overtime period - Deflect By Esa Lindell.
1:22 of 1st overtime period - Stopped by Michael Hutchinson without a rebound.
1:23 of 1st overtime period - Melker Karlsson wins face-off versus Matthew Nieto in Inferno zone.
1:26 of 1st overtime period - Backhand shot by Mark Stone.
1:26 of 1st overtime period - Goal by Mark Stone - Inferno : 4 - Mustangs : 5.
Goals for this period are 0 for Inferno vs 1 for Mustangs.
Shots for this period are 0 for Inferno vs 4 for Mustangs.